 Dungeon Crawl Stone Soup version 0.23-a0-481-g60b89c1 (webtiles) character file.

20744 XanderDroid the Nimble (level 12, -6/94 HPs)
             Began as a Gnoll Wanderer on Nov 29, 2018.
             Was a Priest of Ashenzari.
             Mangled by a 16-headed hydra (12 damage)
             ... on level 2 of the Lair of Beasts.
             The game lasted 01:07:24 (15854 turns).

XanderDroid the Nimble (Gnoll Wanderer)            Turns: 15854, Time: 01:07:24

Health: -6/94      AC: 22    Str: 18    XL:     12   Next: 82%
Magic:  18/23      EV: 20    Int: 13    God:    Ashenzari [***...]
Gold:   411        SH:  2    Dex: 21    Spells: 24/26 levels left

rFire    + . .     SeeInvis +   b - +4 mace (venom)
rCold    . . .     Gourm    .   (no shield)
rNeg     . . .     Faith    .   r - +1 ring mail {rF+}
rPois    +         Spirit   .   J - +2 helmet (curse)
rElec    .         Reflect  +   L - +2 cloak (curse)
rCorr    +         Harm     .   G - +2 pair of gloves {Dex+3} (curse)
MR       .....                  e - +2 pair of boots (curse)
Stlth    +++.......             C - +2 amulet of reflection (curse)
HPRegen  0.25/turn              k - ring of poison resistance
MPRegen  0.18/turn              l - ring of resist corrosion

@: no status effects
A: distributed training, fangs 1, strong nose
a: Curse Item, Scrying, Renounce Religion


You were on level 2 of the Lair of Beasts.
You worshipped Ashenzari.
Ashenzari was most pleased with you.
You were not hungry.

You visited 3 branches of the dungeon, and saw 14 of its levels.

You collected 811 gold pieces.
You spent 400 gold pieces at shops.

Inventory:

Hand Weapons
 a - the +9 hand axe of the Living Dead {drain, rElec Dex+6}
   (You found it on level 5 of the Dungeon)

   A truly terrible weapon, it drains the life of those it strikes.
   It affects your dexterity (+6).
   It insulates you from electricity.
 b - a +4 mace of venom (weapon)
Missiles
 g - 3 throwing nets (quivered)
Armour
 e - a cursed +2 pair of boots (worn)
 r - a +1 ring mail of fire resistance (worn)
 G - a cursed +2 pair of gloves of dexterity (worn)
 J - a cursed +2 helmet (worn)
 L - a cursed +2 cloak (worn)
Jewellery
 k - a ring of poison resistance (left hand)
 l - a ring of resist corrosion (right hand)
 C - a cursed +2 amulet of reflection (around neck)
Wands
 A - a wand of acid (9)
 E - a wand of enslavement (9)
 I - a wand of iceblast (7)
Scrolls
 d - 4 scrolls of teleportation
 j - 4 scrolls of remove curse
 m - a scroll of random uselessness {unknown}
 n - 8 scrolls of magic mapping
 o - a scroll of noise {unknown}
 p - a scroll of silence {unknown}
 q - 3 scrolls of amnesia
 v - 2 scrolls of immolation
 w - a scroll of enchant weapon
 x - a scroll of fear {unknown}
 B - a scroll of blinking {unknown}
 D - a scroll of fog {unknown}
 K - a scroll of holy word {unknown}
Potions
 c - a potion of resistance
 h - 2 potions of mutation
 i - 6 potions of heal wounds
 s - 2 potions of haste
 t - a potion of lignification
 u - 3 potions of curing
 y - 4 potions of flight
 z - 2 potions of cancellation
 F - 2 potions of ambrosia {unknown}
 H - a potion of might
Comestibles
 f - 18 rations
 M - a chunk of flesh


   Skills:
 + Level 8.9 Fighting
 + Level 7.5 Short Blades
 + Level 7.5 Long Blades
 + Level 7.5 Axes
 + Level 8.9 Maces & Flails
 + Level 7.5 Polearms
 + Level 7.5 Staves
 + Level 7.5 Slings
 + Level 7.5 Bows
 + Level 7.5 Crossbows
 + Level 8.0 Throwing
 + Level 8.0(9.9) Armour
 + Level 10.0(11.7) Dodging
 + Level 7.5 Stealth
 + Level 7.5 Shields
 + Level 7.5 Unarmed Combat
 + Level 7.5 Spellcasting
 + Level 6.2 Conjurations
 + Level 6.2 Hexes
 + Level 6.2 Charms
 + Level 6.2 Summonings
 + Level 6.2 Necromancy
 + Level 6.2 Translocations
 + Level 6.2 Transmutations
 + Level 6.2 Fire Magic
 + Level 6.2 Ice Magic
 + Level 6.2 Air Magic
 + Level 6.2 Earth Magic
 + Level 6.2 Poison Magic
 + Level 8.2 Invocations
 + Level 8.0 Evocations


You had 24 spell levels left.
You knew the following spells:

 Your Spells              Type           Power        Failure   Level  Hunger
a - Summon Butterflies    Summ           ###.....     1%          1    None
b - Magic Dart            Conj           ###.         1%          1    None

Your spell library contained the following spells:

 Spells                   Type           Power        Failure   Level  Hunger
 Searing Ray              Conj           ###...       2%          2    #......
 Call Canine Familiar     Summ           ###.....     5%          3    ##.....
 Dazzling Spray           Conj/Hex       ###...       5%          3    ##.....
 Force Lance              Conj/Tloc      ###.....     17%         4    ####...
 Fulminant Prism          Conj/Hex       ###.......   17%         4    ####...
 Iskenderun's Mystic Bla  Conj           ###.....     17%         4    ####...
 Summon Ice Beast         Ice/Summ       ###.....     17%         4    ####...
 Summon Mana Viper        Hex/Summ       ###.....     43%         5    ######.
 Summon Hydra             Summ           ###.......   100%        7    #######


Dungeon Overview and Level Annotations

Branches:
Dungeon (11/15)            Temple (1/1) D:5            Lair (2/6) D:9
 Shoals (0/4) Lair:2          Orc (0/2) D:10
  Snake: Lair:2-4    Spider: Lair:2-4

Altars:
Ashenzari
Cheibriados
Dithmenos
Elyvilon
Fedhas
Gozag
Hepliaklqana
Kikubaaqudgha
Makhleb
Nemelex Xobeh
Okawaru
Qazlal
Ru
Sif Muna
Trog
Uskayaw
Vehumet
Wu Jian
Xom
Yredelemnul
Zin
The Shining One

Shops:
D:5 *

Annotations:
D:9 exclusion: ice statue
D:11 1 runed door, Erolcha; Philosophy's ghost, journeyman OpFi


Innate Abilities, Weirdness & Mutations

Your experience applies equally to all skills.
You have very sharp teeth.
Your uncanny sense of smell can sniff out nearby items.


Message History

The 16-headed hydra barely misses you.
The 16-headed hydra completely misses you.
The 16-headed hydra misses you. x2; The 16-headed hydra closely misses you.
You barely miss the 16-headed hydra. Your bite misses the 16-headed hydra.
The 16-headed hydra is heavily wounded.
The 16-headed hydra bites you but does no damage.
The 16-headed hydra bites you!
* * * LOW HITPOINT WARNING * * *
You block the 16-headed hydra's attack. The 16-headed hydra bites you!
* * * LOW HITPOINT WARNING * * *
The 16-headed hydra bites you but does no damage. x3
The 16-headed hydra misses you. x2
The 16-headed hydra bites you but does no damage.
The 16-headed hydra bites you!
* * * LOW HITPOINT WARNING * * *
The 16-headed hydra bites you.
* * * LOW HITPOINT WARNING * * *
The 16-headed hydra completely misses you.
The 16-headed hydra bites you!
You die...

..## #.#####≈≈≈'####......###...#
..P# #...#≈≈≈>≈≈≈#...#....# #P.##
P.####.####'≈≈≈#####......###..#
#..##..#≈≈≈#####≈≈≈#.#....##...##
.......#≈≈≈#≈≈≈#≈≈≈#.#....###...#
#......#≈≈≈#≈≈≈#≈≈≈#.#....##.P.##
#......####≈≈≈≈≈###'...........#
#.........#######.............b#
.........## ##..@D.............#
........## #..P#...####.......#
.......## #..###### #.......##
.......# ##.# #.......P# .......#
#..# #.......## .......## ##..#
#.......## ........# #P..#
#.......!# .......#######.#
#.......## .......##..P#..#
#.......P#


You could see a 16-headed hydra.

Vanquished Creatures
  Erica (D:10)
  4 two-headed ogres
  3 unseen horrors
  An oklob plant (Lair:1)
  3 black mambas
  Maurice (D:10)
  6 spiny frogs
  A rime drake (Lair:1)
  2 komodo dragons
  A hornet (D:9)
  A merfolk (Lair:2)
  A meliai zombie (D:11)
  3 hippogriffs
  The ghost of beholder the Stinger, an amateur OpVM (D:3)
  A basilisk (Lair:1)
  A human (D:7)
  4 hogs (D:7)
  9 yaks
  A hungry ghost (D:9)
  A steam dragon (D:10)
  5 porcupines
  3 water moccasins
  7 orc warriors
  5 sky beasts
  6 ice beasts
  4 black bears
  9 ogres
  An eye of draining (D:11)
  11 wolves (Lair:1)
  7 centaurs
  3 crocodiles
  A big kobold (D:10)
  7 bullfrogs
  6 scorpions
  4 killer bees
  8 wights
  2 electric eels (D:10)
  3 howler monkeys
  5 crimson imps
  3 jellies
  A bullfrog zombie (D:9)
  A centaur zombie (D:10)
  5 orc priests
  2 hounds
  2 bullfrog skeletons
  2 centaur skeletons
  9 orc wizards
  3 iguanas
  Crazy Yiuf (D:3)
  5 worker ants
  A hound skeleton (D:4)
  2 worker ant zombies (D:11)
  A howler monkey skeleton (D:4)
  16 adders
  A shadow imp (D:4)
  12 white imps (Lair:1)
  2 oozes
  4 adder zombies
  4 worms
  2 dart slugs
  5 leopard geckos
  32 orcs
  5 giant cockroaches
  6 hobgoblins
  13 jackals
  5 quokkas
  A ball python (D:2)
  5 bats
  2 frilled lizards
  3 goblins
  A jackal skeleton (D:7)
  16 kobolds
  A rat (D:1)
  A fungus (Lair:1)
  2 plants (Lair:1)
320 creatures vanquished.

Vanquished Creatures (others)
  An orc wizard (D:10)
  2 orcs (D:10)
  6 fungi
  4 plants (D:11)
13 creatures vanquished.

Grand Total: 333 creatures vanquished

Notes
Turn   | Place    | Note
-------+----------+-------------------------------------------
     0 | D:1      | XanderDroid the Gnoll Wanderer began the quest for the Orb.
     0 | D:1      | XanderDroid set off with the following items: 3
                  | curare-tipped needles, a +2 blowgun, a +0 mace, a scroll of
                  | teleportation, a +0 robe, a ration
     0 | D:1      | Reached XP level 1. HP: 20/20 MP: 2/2
   395 | D:1      | Reached XP level 2. HP: 26/26 MP: 3/3
  1028 | D:2      | Reached XP level 3. HP: 26/31 MP: 4/4
  1248 | D:2      | Reached skill level 1 in Invocations
  1722 | D:2      | Reached skill level 1 in Short Blades
  1722 | D:2      | Reached skill level 1 in Long Blades
  1722 | D:2      | Reached skill level 1 in Axes
  1722 | D:2      | Reached skill level 1 in Polearms
  1722 | D:2      | Reached skill level 1 in Staves
  1722 | D:2      | Reached skill level 1 in Slings
  1722 | D:2      | Reached skill level 1 in Bows
  1722 | D:2      | Reached skill level 1 in Crossbows
  1722 | D:2      | Reached skill level 1 in Stealth
  1722 | D:2      | Reached skill level 1 in Shields
  1722 | D:2      | Reached skill level 1 in Unarmed Combat
  1722 | D:2      | Reached skill level 1 in Spellcasting
  1743 | D:2      | Reached XP level 4. HP: 35/38 MP: 6/6
  2658 | D:3      | Reached skill level 1 in Conjurations
  2658 | D:3      | Reached skill level 1 in Hexes
  2658 | D:3      | Reached skill level 1 in Charms
  2658 | D:3      | Reached skill level 1 in Summonings
  2658 | D:3      | Reached skill level 1 in Necromancy
  2658 | D:3      | Reached skill level 1 in Translocations
  2658 | D:3      | Reached skill level 1 in Transmutations
  2658 | D:3      | Reached skill level 1 in Fire Magic
  2658 | D:3      | Reached skill level 1 in Ice Magic
  2658 | D:3      | Reached skill level 1 in Air Magic
  2658 | D:3      | Reached skill level 1 in Earth Magic
  2658 | D:3      | Reached skill level 1 in Poison Magic
  2952 | D:3      | Found a runed door.
  3040 | D:3      | Found a sparkling altar of Nemelex Xobeh.
  3133 | D:3      | Found a runed door.
  3189 | D:3      | Noticed beholder's ghost (amateur OpVM)
  3205 | D:4      | Noticed an ogre
  3463 | D:4      | Reached XP level 5. HP: 43/43 MP: 7/7
  3674 | D:4      | Reached XP level 6. HP: 45/50 MP: 8/8
  3911 | D:4      | Reached skill level 5 in Fighting
  3911 | D:4      | Reached skill level 5 in Maces & Flails
  4135 | D:4      | Reached XP level 7. HP: 44/56 MP: 10/10
  4327 | D:3      | Reached skill level 7 in Dodging
  4364 | D:5      | Entered Level 5 of the Dungeon
  4415 | D:5      | Got a smoking hand axe
  4418 | D:5      | Identified the +9 hand axe of the Living Dead {drain, rElec
                  | Dex+6} (You found it on level 5 of the Dungeon)
  4568 | D:5      | Found Tyge's Assorted Antiques.
  4584 | D:5      | Bought a scroll of identify for 64 gold pieces
  4611 | D:5      | Found a staircase to the Ecumenical Temple.
  4625 | Temple   | Entered the Ecumenical Temple
  4674 | Temple   | Became a worshipper of Ashenzari the Shackled
  4736 | D:5      | Bought a scroll of remove curse for 96 gold pieces
  4966 | D:5      | Reached XP level 8. HP: 50/63 MP: 12/12
  5662 | D:6      | Found a hazy altar of Hepliaklqana.
  5930 | D:6      | Found a basalt altar of Yredelemnul.
  6397 | D:7      | Found a shattered altar of Ashenzari.
  6412 | D:7      | Reached * piety under Ashenzari
  6438 | D:7      | Reached XP level 9. HP: 69/69 MP: 14/14
  6654 | D:7      | Reached skill level 5 in Throwing
  6654 | D:7      | Reached skill level 5 in Armour
  6654 | D:7      | Reached skill level 5 in Evocations
  7139 | D:7      | Reached skill level 8 in Dodging
  7184 | D:7      | Reached skill level 5 in Invocations
  7190 | D:7      | Reached XP level 10. HP: 63/77 MP: 15/17
  7869 | D:8      | Reached skill level 5 in Short Blades
  7869 | D:8      | Reached skill level 5 in Long Blades
  7869 | D:8      | Reached skill level 5 in Axes
  7869 | D:8      | Reached skill level 5 in Polearms
  7869 | D:8      | Reached skill level 5 in Staves
  7869 | D:8      | Reached skill level 5 in Slings
  7869 | D:8      | Reached skill level 5 in Bows
  7869 | D:8      | Reached skill level 5 in Crossbows
  7869 | D:8      | Reached skill level 5 in Stealth
  7869 | D:8      | Reached skill level 5 in Shields
  7869 | D:8      | Reached skill level 5 in Unarmed Combat
  7869 | D:8      | Reached skill level 5 in Spellcasting
  8204 | D:8      | Reached ** piety under Ashenzari
  8365 | D:3      | Noticed Crazy Yiuf
  8368 | D:3      | Killed Crazy Yiuf
  8475 | D:3      | Killed beholder's ghost
  8571 | D:5      | Bought a pair of runed gloves for 240 gold pieces
  8971 | D:9      | Found a staircase to the Lair.
  9204 | D:9      | Noticed an ice statue
  9314 | D:9      | Noticed a two-headed ogre
  9330 | D:9      | Killed a two-headed ogre
  9434 | D:9      | Noticed a two-headed ogre
  9447 | D:9      | Killed a two-headed ogre
  9447 | D:9      | Reached XP level 11. HP: 47/84 MP: 19/19
  9944 | D:10     | Entered Level 10 of the Dungeon
 10000 | D:10     | Noticed Erica
 10011 | D:10     | Killed Erica
 10011 | D:10     | Reached skill level 9 in Dodging
 10011 | D:10     | Reached skill level 5 in Conjurations
 10011 | D:10     | Reached skill level 5 in Hexes
 10011 | D:10     | Reached skill level 5 in Charms
 10011 | D:10     | Reached skill level 5 in Summonings
 10011 | D:10     | Reached skill level 5 in Necromancy
 10011 | D:10     | Reached skill level 5 in Translocations
 10011 | D:10     | Reached skill level 5 in Transmutations
 10011 | D:10     | Reached skill level 5 in Fire Magic
 10011 | D:10     | Reached skill level 5 in Ice Magic
 10011 | D:10     | Reached skill level 5 in Air Magic
 10011 | D:10     | Reached skill level 5 in Earth Magic
 10011 | D:10     | Reached skill level 5 in Poison Magic
 10305 | D:10     | Learned a level 1 spell: Summon Butterflies
 10582 | D:10     | Killed an unseen horror
 10639 | D:10     | Noticed Maurice
 10875 | D:10     | Killed Maurice
 10989 | D:10     | Killed an unseen horror
 11001 | D:10     | Found a staircase to the Orcish Mines.
 11243 | D:11     | Found a runed door.
 11253 | D:11     | Noticed a spriggan rider
 11253 | D:11     | Identified the +4 spear of Yredelemnul {pierce, rPois Str+4
                  | Dex+2}
 11253 | D:11     | Noticed Philosophy's ghost (journeyman OpFi)
 11376 | D:11     | Noticed a cyclops
 11503 | D:11     | Noticed a two-headed ogre
 11515 | D:11     | Killed a two-headed ogre
 11706 | D:11     | Noticed a two-headed ogre
 11855 | D:10     | Killed a two-headed ogre
 11855 | D:10     | Reached XP level 12. HP: 76/93 MP: 20/22
 12019 | D:11     | Noticed Erolcha
 12683 | Lair:1   | Entered Level 1 of the Lair of Beasts
 14088 | Lair:1   | Reached *** piety under Ashenzari
 14726 | Lair:2   | Noticed an eight-headed hydra
 14899 | Lair:2   | Found a staircase to the Shoals.
 15151 | Lair:2   | Reached skill level 10 in Dodging
 15717 | Lair:2   | Learned a level 1 spell: Magic Dart
 15854 | Lair:2   | Mangled by a 16-headed hydra

Vault maps used:
D:1:      dpeg_arrival_short_road
D:2:      serial_rivers, chequers_serial_rivers_micro_c,
          chequers_serial_rivers_small_3, chequers_serial_rivers_marsh,
          chequers_serial_rivers_large_a, chequers_serial_rivers_micro_e,
          first_ration
D:3:      nemelex_xobeh_ov_fountains_minmay, ebering_ghost_sewer_d,
          uniq_crazy_yiuf_cottage
D:4:      nrook_campfire
D:5:      minmay_temple_entry_stoned_glass, serial_shops, shop
D:6:      hangedman_feature_mirror, minmay_unpleasant_kobolds
D:7:      grunt_livestock, minmay_misc_feat_five, cheibrodos_ashenzari_chains
D:9:      lair_entry_dummy, minmay_misc_feat_cross, minivault_15
D:10:     erik_orc_2, uniq_erica, uniq_maurice
D:11:     ebering_ghost_funeral_grove, uniq_erolcha
Temple:   kilobyte_greek_temple
Lair:1:   portal_ice_cave_entry_imps, minmay_lair_oklob_chamber
Lair:2:   elwin_shoals_entry_rooms

Skill      XL: |  1  2  3  4  5  6  7  8  9 10 11 12 |
---------------+-------------------------------------+-----
Invocations    | 1 2 3 4 5 6 7 8 |  8.2
Short Blades   | 1 2 3 4 5 6 7 |  7.5
Long Blades    | 1 2 3 4 5 6 7 |  7.5
Axes           | 1 2 3 4 5 6 7 |  7.5
Polearms       | 1 2 3 4 5 6 7 |  7.5
Staves         | 1 2 3 4 5 6 7 |  7.5
Slings         | 1 2 3 4 5 6 7 |  7.5
Bows           | 1 2 3 4 5 6 7 |  7.5
Crossbows      | 1 2 3 4 5 6 7 |  7.5
Stealth        | 1 2 3 4 5 6 7 |  7.5
Shields        | 1 2 3 4 5 6 7 |  7.5
Unarmed Combat | 1 2 3 4 5 6 7 |  7.5
Spellcasting   | 1 2 3 4 5 6 7 |  7.5
Conjurations   | 1 2 3 4 5 6 |  6.2
Hexes          | 1 2 3 4 5 6 |  6.2
Charms         | 1 2 3 4 5 6 |  6.2
Summonings     | 1 2 3 4 5 6 |  6.2
Necromancy     | 1 2 3 4 5 6 |  6.2
Translocations | 1 2 3 4 5 6 |  6.2
Transmutations | 1 2 3 4 5 6 |  6.2
Fire Magic     | 1 2 3 4 5 6 |  6.2
Ice Magic      | 1 2 3 4 5 6 |  6.2
Air Magic      | 1 2 3 4 5 6 |  6.2
Earth Magic    | 1 2 3 4 5 6 |  6.2
Poison Magic   | 1 2 3 4 5 6 |  6.2
Throwing       | 3 4 5 6 7 8 |  8.0
Armour         | 3 4 5 6 7 8 |  8.0
Evocations     | 3 4 5 6 7 8 |  8.0
Fighting       | 5 6 7 8 |  8.9
Maces & Flails | 5 6 7 8 |  8.9
Dodging        | 7 8 9 10 | 10.0

Action                   |  1- 3 |  4- 6 |  7- 9 | 10-12 || total
-------------------------+-------+-------+-------+-------++-------
Melee: Mace              |   113 |    65 |       |     3 ||   181
       Bite              |    14 |    21 |    31 |   136 ||   202
       Short sword       |       |    76 |    10 |       ||    86
       Hand axe          |       |       |   192 |   710 ||   902
       Punch             |       |       |     3 |    38 ||    41
 Cast: Magic Dart        |       |       |       |     6 ||     6
       Summon Butterflie |       |       |       |     1 ||     1
Invok: Curse Item        |       |       |     1 |     5 ||     6
Evoke: Wand              |       |       |       |     3 ||     3
  Use: Scroll            |       |     8 |     5 |    10 ||    23
 Stab: Sleeping          |     1 |       |     6 |    18 ||    25
       Distracted        |       |       |       |     1 ||     1
  Eat: Chunk             |     3 |     1 |     8 |    13 ||    25
       Ration            |       |     2 |     1 |     5 ||     8
Armor: Ring mail         |    34 |    38 |    59 |   254 ||   385
       Skin              |       |       |    14 |       ||    14
Dodge: Dodged            |    70 |   105 |   158 |   694 ||  1027
Block: Other             |       |       |     4 |    53 ||    57

Table legend:
 A = Non-vault XP
 B = Vault XP
 C = Vault XP percentage of total XP
 D = Non-vault monster count
 E = Vault monster count
 F = Vault count percentage of total count
                 A         B        C        D         E       F
            +---------+---------+-------+---------+---------+-------
      Total |   25422 |    4213 |  14.2 |     268 |      49 |  15.5
            +---------+---------+-------+---------+---------+-------
        D:1 |      19 |       0 |   0.0 |      13 |       0 |   0.0
        D:2 |      70 |       0 |   0.0 |      23 |       0 |   0.0
        D:3 |     306 |     312 |  50.5 |      15 |       5 |  25.0
        D:4 |     506 |       0 |   0.0 |      18 |       0 |   0.0
        D:5 |     546 |       0 |   0.0 |      18 |       0 |   0.0
        D:6 |     521 |     167 |  24.3 |      12 |       8 |  40.0
        D:7 |    2135 |     976 |  31.4 |      29 |       5 |  14.7
        D:8 |    1491 |       0 |   0.0 |      22 |       0 |   0.0
        D:9 |    4845 |       0 |   0.0 |      28 |       0 |   0.0
       D:10 |    4506 |    1799 |  28.5 |      31 |      17 |  35.4
       D:11 |    2974 |       0 |   0.0 |      23 |       0 |   0.0
     Lair:1 |    5179 |     666 |  11.4 |      26 |      13 |  33.3
     Lair:2 |    2324 |     293 |  11.2 |      10 |       1 |   9.1
            +---------+---------+-------+---------+---------+-------
